 Dungeon Crawl Stone Soup version 0.20-a0-792-g09bcfd3 (webtiles) character file.

843 Alarkh the Chopper (level 7, 0/56 HPs)
             Began as a Mummy Chaos Knight on Feb 28, 2017.
             Slain by a worker ant (1 damage)
             ... on level 6 of the Dungeon.
             The game lasted 00:06:50 (6922 turns).

Alarkh the Chopper (Mummy Chaos Knight)             Turns: 6922, Time: 00:06:51

Health: 0/56       AC:  6    Str: 16    XL:     7   Next: 68%
Magic:  16/16      EV: 12    Int: 13    God:    Xom [....*.]
Gold:   281        SH:  3    Dex: 11    Spells: 6/6 levels left

rFire    . . .     SeeInvis .   a - +0 hand axe (chaos)
rCold    . . .     Gourm    .   b - +3 leather armour
rNeg     + + +     Faith    .   (no shield)
rPois    ∞         Spirit   .   (no helmet)
rElec    .         Reflect  +   (no cloak)
rCorr    .         Harm     .   (no gloves)
MR       .....                  (no boots)
Stlth    +.........             o - +3 amulet of reflection
Regen    0.2/turn               l - ring of fire
MPRegen  0.2/turn               g - ring of magical power

@: no status effects
A: no food or potions, fire vulnerability, cold resistance 1, negative energy
resistance 3, torment resistance, unbreathing
a: Renounce Religion


You were on level 6 of the Dungeon.
You worshipped Xom.
You were a beloved toy of Xom.
You were not hungry.

You visited 2 branches of the dungeon, and saw 7 of its levels.
You also visited: Sewer.

You collected 281 gold pieces.

Inventory:

Hand Weapons
 a - a +0 hand axe of chaos (weapon)
Armour
 b - a +3 leather armour (worn)
Jewellery
 g - a ring of magical power (left hand)
 l - a ring of fire (right hand)
 o - a +3 amulet of reflection (around neck)
Wands
 p - a wand of acid (3/15)
Scrolls
 c - 2 scrolls of amnesia
 d - a scroll of teleportation
 e - a scroll of identify
 f - a scroll of immolation
 h - 4 scrolls of blinking
 i - 3 scrolls of magic mapping {unknown}
 j - 2 scrolls of remove curse
 k - a scroll of acquirement {unknown}
 m - a scroll of enchant weapon
 n - a scroll of fear {unknown}


   Skills:
 + Level 5.1 Fighting
 * Level 5.3 Axes
 + Level 3.1 Armour
 + Level 3.0 Dodging


You had 6 spell levels left.
You didn't know any spells.

Dungeon Overview and Level Annotations

Branches:
Dungeon (6/15)             Temple (1/1) D:4

Altars:
Ashenzari
Cheibriados
Dithmenos
Elyvilon
Fedhas
Gozag
Hepliaklqana
Kikubaaqudgha
Makhleb
Nemelex Xobeh
Okawaru
Qazlal
Sif Muna
Trog
Uskayaw
Vehumet
Wu Jian
Xom
Yredelemnul
Zin
The Shining One


Innate Abilities, Weirdness & Mutations

You do not eat or drink.
Your flesh is vulnerable to fire.
You are immune to poison.
Your flesh is cold resistant. (rC+)
You are immune to negative energy. (rN+++)
You are immune to unholy pain and torment.
You can survive without breathing.


Message History

Something closely misses your iron imp.
Something bites your iron imp but does no damage.
Something closely misses your iron imp. x2
Something bites your iron imp. Something closely misses your iron imp.
Something closely misses your iron imp. Something misses your iron imp.
Something barely misses your iron imp. Something bites your iron imp.
Something barely misses your iron imp. Something bites your iron imp.
Your iron imp dies!
Something barely misses you. Something bites you.
* * * LOW HITPOINT WARNING * * *
You closely miss something. Something bites you.
* * * LOW HITPOINT WARNING * * *
Something bites you.
* * * LOW HITPOINT WARNING * * *
You barely miss something. Something bites you.
* * * LOW HITPOINT WARNING * * *
Something bites you.
You die... "I guess I need a new plaything now."

.# .# .# ..
##.# #.#
####..#
#..###.....##
#...........#
#........@.#
........{..#
...........#
.......<†..#
.≈≈≈.......#
.≈$≈........#
.≈≈≈........#
............#
##.........##


There were no monsters in sight!

Vanquished Creatures
  A sky beast (D:5)
  A phantom (D:4)
  A centaur (D:5)
  A scorpion (D:6)
  A crimson imp (D:5)
  3 hounds
  2 orc priests
  3 orc wizards (D:4)
  Ijyb (D:3)
  9 adders
  2 gnolls (D:1)
  A river rat (Sewer)
  3 oozes
  An adder skeleton (D:3)
  4 worms
  3 dart slugs
  7 leopard geckos
  10 orcs
  3 ball pythons
  5 giant cockroaches
  7 goblins
  5 hobgoblins
  3 jackals (D:1)
  5 quokkas
  4 bats
  2 frilled lizards (D:1)
  15 kobolds
  A quokka skeleton (D:5)
  10 rats
114 creatures vanquished.

Vanquished Creatures (collateral kills)
  A crimson imp (D:6)
  An adder (D:3)
2 creatures vanquished.

Grand Total: 116 creatures vanquished

Notes
Turn   | Place    | Note
-------+----------+-------------------------------------------
     0 | D:1      | Alarkh the Mummy Chaos Knight began the quest for the Orb.
     0 | D:1      | Reached XP level 1. HP: 18/18 MP: 1/1
    99 | D:1      | XOM: smoke on damage
   195 | D:1      | Reached XP level 2. HP: 21/24 MP: 2/2
   397 | D:1      | Reached skill level 1 in Dodging
   512 | D:1      | Reached XP level 3. HP: 29/29 MP: 3/3
   816 | D:2      | Reached XP level 4. HP: 20/35 MP: 4/4
  1433 | D:3      | XOM: enchant monster (good)
  1534 | D:3      | Noticed Ijyb
  1543 | D:3      | Killed Ijyb
  1543 | D:3      | Reached XP level 5. HP: 39/42 MP: 5/5
  1552 | D:3      | XOM: divination: magic mapping
  1614 | D:3      | XOM: medium Tmut miscast
  1949 | D:2      | XOM: harmless Erth miscast
  2279 | D:3      | XOM: medium Tloc miscast
  2440 | D:4      | Noticed a phantom
  2447 | D:4      | XOM: mild Ice miscast
  2456 | D:3      | Reached XP level 6. HP: 27/48 MP: 6/6
  2588 | D:4      | XOM: swap monsters
  2620 | D:4      | HP: 1/49 [orc (3)]
  2632 | D:4      | XOM: potion effect (heal wounds)
  2663 | D:4      | XOM: summons 2 friendly demons
  2717 | D:4      | XOM: summons 4 friendly demons
  2768 | D:4      | XOM: noise
  2791 | D:4      | Found a glowing drain.
  2824 | Sewer    | Entered a sewer
  2836 | Sewer    | XOM: harmless Erth miscast
  2877 | Sewer    | XOM: swap monsters
  3573 | Sewer    | XOM: harmless Tloc miscast
  3615 | Sewer    | XOM: medium Erth miscast
  5239 | Sewer    | XOM: harmless Tmut miscast
  5475 | Sewer    | XOM: 1-stop teleportation journey
  5548 | D:4      | XOM: cloud trail
  5654 | D:4      | XOM: noise
  5665 | D:4      | Reached XP level 7. HP: 51/55 MP: 7/7
  5732 | D:4      | Found a staircase to the Ecumenical Temple.
  5824 | D:4      | Found a shadowy altar of Dithmenos.
  5867 | Temple   | Entered the Ecumenical Temple
  6407 | D:5      | Entered Level 5 of the Dungeon
  6553 | D:5      | XOM: 2-stop teleportation journey
  6571 | D:5      | XOM: potion effect (haste)
  6600 | D:5      | XOM: scenery: create altars
  6612 | D:5      | XOM: cleaving
  6620 | D:5      | Reached skill level 5 in Axes
  6644 | D:5      | Reached skill level 5 in Fighting
  6738 | D:5      | XOM: divination: detect items
  6748 | D:5      | Found an iron altar of Okawaru.
  6901 | D:6      | XOM: summons friendly iron imp
  6922 | D:6      | HP: 1/56 [something (3)]
  6922 | D:6      | Slain by a worker ant

Vault maps used:
D:1:      evilmike_arrival_fibonacci_small, corexii_item_surrounded_by_moat,
          fountainhead, minmay_misc_feat_encased, minivault_25,
          minmay_misc_feat_tower
D:2:      first_bread
D:3:      uniq_iyjb
D:4:      temple_green, portal_sewer_entry_f, st_stairs_11,
          grunt_dithmenos_smoke
D:5:      basic_altar
D:6:      serial_bayou_pond_e, corexii_item_surrounded_by_moat, uniq_duvessa
Temple:   regret_index_temple_sigil_plot
Sewer:    sewer_co_15_rooms

Skill      XL: |  1  2  3  4  5  6  7 |
---------------+----------------------+-----
Dodging        | 1 2 3 |  3.0
Axes           | 3 4 5 |  5.3
Armour         | 2 3 |  3.1
Fighting       | 4 5 |  5.1

Action                   |  1- 3 |  4- 6 |  7- 9 || total
-------------------------+-------+-------+-------++-------
Melee: Hand axe          |    81 |   331 |    68 ||   480
  Use: Scroll            |       |     8 |     4 ||    12
 Stab: Paralysed         |     2 |       |       ||     2
       Confused          |       |     1 |       ||     1
       Petrified         |       |     1 |       ||     1
Armor: Leather armour    |    23 |   109 |    19 ||   151
Dodge: Dodged            |    42 |   194 |    39 ||   275
Block: Other             |       |    12 |     6 ||    18
       Reflection        |       |     2 |       ||     2
